 Dungeon Crawl Stone Soup version 0.32-a0-616-g9348d4545b (webtiles) character file.

Game seed: 3116291486182093157

80 Implojin the Cutter (level 4, -4/37 HPs)
             Began as a Coglin Monk on Mar 5, 2024.
             Slain by Prince Ribbit (14 damage)
             ... on level 6 of the Dungeon.
             The game lasted 00:05:00 (2134 turns).

Implojin the Cutter (Coglin Monk)                   Turns: 2134, Time: 00:05:01

Health: -4/37      AC:  8    Str: 12    XL:     4   Next: 39%
Magic:  4/4        EV: 11    Int:  9    God:
Gold:   17         SH:  0    Dex: 18    Spells: 3/3 levels left

rFire   . . .        a - +0 short sword {Mishil}
rCold   . . .        h - +0 short sword {Thatsani}
rNeg    . . .        l - +0 ring mail
rPois   .            (no helmet)
rElec   .            g - +2 cloak
rCorr   .            (no gloves)
SInv    .            (no boots)
Will    .....        (amulet unavailable)
Stlth   +            (ring unavailable)
HPRegen 0.26/turn    (ring unavailable)
MPRegen 0.09/turn    (no gizmo)

%: no passive effects
@: revving
A: off-hand wielding, slow wielding, warmup strikes, no jewellery
a: Invent Gizmo


You were on level 6 of the Dungeon.
You visited 1 branch of the dungeon, and saw 4 of its levels.

You collected 112 gold pieces.
You spent 95 gold pieces at shops.

Inventory:

Hand Weapons
 a - a +0 short sword (weapon) {Mishil}
 h - a +0 short sword (offhand) {Thatsani}
Armour
 d - the -1 cloak of the Fiend {rElec rPois Regen+ rCorr}
   (You acquired it on level 6 of the Dungeon)

   rElec:     It insulates you from electricity.
   rPois:     It protects you from poison.
   Regen+:    It increases your rate of health regeneration.
   rCorr:     It protects you from acid and corrosion.
 g - a +2 cloak (worn)
 l - a +0 ring mail (worn)
Wands
 p - a wand of charming (5)
Scrolls
 k - 2 scrolls of enchant weapon
 n - a scroll of amnesia {unknown}
 q - a scroll of noise {unknown}
Potions
 b - a potion of resistance {unknown}
 c - a potion of ambrosia
 e - 3 potions of curing
 f - a potion of lignification {unknown}
 i - a potion of magic {unknown}
 j - a potion of enlightenment {unknown}


   Skills:
 * Level 3.9 Fighting
 - Level 4.0 Short Blades
 - Level 2.6 Dodging


You had 3 spell levels left.
You didn't know any spells.
Your spell library contained the following spells:

 Spells                   Type           Power      Damage    Failure   Level
 Mercury Vapours          Alch/Air       0%         N/A       80%         2
 Mephitic Cloud           Conj/Alch/Air  0%         N/A       95%         3
 Summon Ice Beast         Ice/Summ       0%         N/A       95%         3
 Freezing Cloud           Conj/Ice/Air   0%         6-21      100%        5
 Summon Mana Viper        Hex/Summ       0%         N/A       100%        5
 Monstrous Menagerie      Summ           0%         N/A       100%        7


Dungeon Overview and Level Annotations

Branches:
Dungeon (3/15)

Altars:

Shops:
D:1 ?

Annotations:
D:2 1 runed translucent door, exclusion: door, Crazy Yiuf, Terence
D:6 Prince Ribbit


Innate Abilities, Weirdness & Mutations

You can wield a second weapon in your off-hand.
It takes a long time for you to wield or remove held weapons.
Your first few attacks do less damage.
You cannot equip rings or amulets.


Message History

Danger: Prince Ribbit |T2| Reason: Unique monster, careful!
An ogre comes into view. It is wielding a +0 giant club.
Danger: Prince Ribbit |T2| Reason: Unique monster, careful!
Aiming: Charm
Press: ? - help, Shift-Dir - straight line, f - ogre, p - Prince Ribbit
Aim: an ogre, wielding a +0 giant club (wandering, hasn't noticed you, chance to affect: 49%)
The ogre shouts!
The ogre is charmed.
A scorpion comes into view.
Unknown command.
Danger: Prince Ribbit |T2| Reason: Unique monster, careful!
What are your orders? t - Shout!
Orders for allies: a - Attack new target. p - Attack previous target. r - Retreat! s - Stop attacking. g - Guard the area. f - Follow me.
Anything else - Cancel.
Gang up on whom?
Press: ? - help, Dir - move target, f - Prince Ribbit, p - ogre
Aim: Prince Ribbit Attack!
Your ogre closely misses Prince Ribbit.
Prince Ribbit blinks!
You hit Prince Ribbit with your +0 short sword.
Prince Ribbit is lightly wounded.
You completely miss Prince Ribbit with your +0 short sword.
Prince Ribbit closely misses you.
You closely miss Prince Ribbit with your +0 short sword.
Prince Ribbit is lightly wounded.
You hit Prince Ribbit with your +0 short sword.
Prince Ribbit misses you.
Your ogre misses Prince Ribbit. Prince Ribbit hits you.
You hit Prince Ribbit with your +0 short sword.
Prince Ribbit is moderately wounded.
You hit Prince Ribbit with your +0 short sword.
Prince Ribbit hits you!
Your ogre misses Prince Ribbit. The scorpion closely misses your ogre.
Prince Ribbit hits you! The scorpion stings your ogre.
Danger: Low HP Warning |T3| Reason: 27% HP (10/37) Prince Ribbit attacks as he pursues you!
Prince Ribbit hits you!
You die...

.. .# .#.. ....## ###
.#.#.# #....## ..##
#...... ......### #..#
#s#....##.#..... ##.#
#.......#.....# # #.#
#.#.#.....#.#.#..##
#.###.......O.F.......#
#..##.#.#.#s..#@#.#.#.
##.........K...#.......
###..#.#.#.#.#.#.#.#..
#................
#....############.
###### #


You could see Prince Ribbit, a kobold and a friendly ogre (charmed).

Vanquished Creatures
  An adder (D:2)
  A ribbon worm (D:2)
  2 dart slugs
  An orc (D:3)
  3 endoplasms (D:1)
  3 giant cockroaches
  6 goblins
  3 hobgoblins
  7 jackals (D:2)
  6 kobolds
  6 quokkas
  6 ball pythons
  6 bats
  2 frilled lizards (D:1)
  4 rats
57 creatures vanquished.

Vanquished Creatures (collateral kills)
  A kobold (D:6)
1 creature vanquished.

Grand Total: 58 creatures vanquished

Notes
Turn   | Place    | Note
-------+----------+-------------------------------------------
     0 | D:1      | Implojin the Coglin Monk began the quest for the Orb.
     0 | D:1      | Reached XP level 1. HP: 18/18 MP: 1/1
    41 | D:1      | Reached skill level 3 in Short Blades
   135 | D:1      | Reached XP level 2. HP: 24/24 MP: 2/2
   382 | D:1      | Reached XP level 3. HP: 29/29 MP: 3/3
   520 | D:1      | Found The Oracle's Delphic Readings.
   527 | D:1      | Bought a scroll of identify for 20 gold pieces
   566 | D:2      | Found a runed translucent door.
   567 | D:2      | Noticed Crazy Yiuf
   734 | D:2      | Reached skill level 4 in Short Blades
   948 | D:2      | Noticed Terence
  1029 | D:2      | Reached XP level 4. HP: 31/35 MP: 4/4
  1958 | D:1      | Bought a scroll of enchant weapon for 75 gold pieces
  2037 | D:3      | You fall into a shaft and drop 3 floors!
  2042 | D:6      | Noticed a bullfrog
  2047 | D:6      | Noticed an orc warrior
  2064 | D:6      | Noticed an ice beast
  2072 | D:6      | Noticed a scorpion
  2081 | D:6      | Identified a scroll of acquirement
  2081 | D:6      | Acquired the -1 cloak of the Fiend {rElec rPois Regen+
                  | rCorr}
  2106 | D:6      | Noticed Prince Ribbit
  2123 | D:6      | Noticed an ogre
  2126 | D:6      | Noticed a scorpion
  2134 | D:6      | Slain by Prince Ribbit

Illustrated notes

Levels and vault maps discovered:
D:1:      ncdulo_lavacross, layout_basic, nicolae_nh_oracle_at_delphi
D:2:      layout_basic, uniq_terence, uniq_crazy_yiuf_cottage
D:3:      layout_loops_ring, lemuel_doored_altar,
          mainiacjoe_overflow_small_starburst
D:6:      kennysheep_six_static_rooms, layout_basic, hangedman_decor_riveting,
          minmay_mini_ossuary, uniq_prince_ribbit1

Skill      XL: |  1  2  3 |
---------------+----------+-----
Short Blades   | 3 4 |  4.0
Fighting       | |  3.9
Dodging        | |  2.6

Action                     |  1- 3 |  4- 6 || total
---------------------------+-------+-------++-------
  Melee: Short sword       |   160 |    84 ||   244
  Evoke: Wand              |       |     3 ||     3
    Use: Scroll            |     2 |     4 ||     6
 Armour: Robe              |    31 |       ||    31
         Ring mail         |    20 |    21 ||    41
         Leather armour    |     4 |       ||     4
  Dodge: Dodged            |    65 |    24 ||    89

Table legend: (Time is in decaauts)
 A = Elapsed time spent in this place.
 B = Non-inter-level travel time spent in this place.
 C = Inter-level travel time spent in this place.
 D = Time resting spent in this place.
 E = Time spent auto-exploring this place.
 F = Levels seen in this place.
 G = Mean time per level.
                   A        B        C        D        E       F      G
               +--------+--------+--------+--------+--------+-----+--------+
         Total |   2107 |   2009 |     98 |      7 |   1389 |   4 |  526.8 |
       Dungeon |   2107 |   2009 |     98 |      7 |   1389 |   4 |  526.8 |
               +--------+--------+--------+--------+--------+-----+--------+

Top non-repeatable levels by time:
     D:2: 1382 daAuts
     D:1: 587 daAuts
     D:6: 95 daAuts
     D:3: 41 daAuts
